 Dungeon Crawl Stone Soup version 0.31-b1-18-g61460d1e46 (webtiles) character file.

Game seed: 15030110163713893753

431 cbfl8 the Chopper (level 6, 0/82 HPs)
             Began as a Minotaur Berserker on Jan 16, 2024.
             Was a Believer of Trog.
             Slain by a jelly (2 damage)
             ... on level 5 of the Dungeon.
             The game lasted 00:05:06 (3788 turns).

cbfl8 the Chopper (Minotaur Berserker)              Turns: 3788, Time: 00:05:07

Health: 0/82       AC: -8    Str: 23    XL:     6   Next: 66%
Magic:  5/5        EV: 11    Int:  4    God:    Trog [**....]
Gold:   222        SH:  5    Dex: 12    Spells: 5/5 levels left

rFire   + . .        k - +0 war axe
rCold   + . .        (no shield)
rNeg    + . .        d - +0 ring mail
rPois   .            (helmet restricted)
rElec   .            (no cloak)
rCorr   .            (no gloves)
SInv    .            e - +0 pair of boots
Will    .....        m - amulet of reflection Stlth
                     b - ring of Cubarph {Fly rC+ rN+ Str+2}
HPRegen 0.33/turn    l - ring of protection from fire
MPRegen 0.09/turn

%: reflection
@: berserking, corroded, flying, very quick
A: horns 2, retaliatory headbutt
a: Renounce Religion, Berserk, Trog's Hand


You were on level 5 of the Dungeon.
You worshipped Trog.
Trog was pleased with you.
You visited 1 branch of the dungeon, and saw 5 of its levels.

You collected 222 gold pieces.

Inventory:

Hand Weapons
 k - a +0 war axe (weapon)
Armour
 d - a +0 ring mail (worn)
 e - a +0 pair of boots (worn)
Jewellery
 b - the ring of Cubarph (left hand) {Fly rC+ rN+ Str+2}
   (You found it on level 4 of the Dungeon)

   [ring of positive energy]

   Str+2:     It affects your strength (+2).
   rC+:       It protects you from cold.
   rN+:       It protects you from negative energy.
   Fly:       It grants you flight.
 l - a ring of protection from fire (right hand)
 m - an amulet of reflection (around neck)
Wands
 v - a wand of digging (7)
Scrolls
 a - a scroll of vulnerability {unknown}
 c - 2 scrolls of teleportation
 f - a scroll of fog {unknown}
 g - a scroll of identify {unknown}
 h - a scroll of enchant weapon {unknown}
 j - a scroll of immolation {unknown}
 o - a scroll of enchant armour {unknown}
 w - a scroll of fear {unknown}
Potions
 i - a potion of ambrosia {unknown}
 n - a potion of attraction {unknown}
 p - 2 potions of curing {unknown}
 r - a potion of might {unknown}
 t - a potion of resistance {unknown}
 u - a potion of mutation {unknown}


   Skills:
 + Level 4.8 Fighting
 + Level 5.8 Axes
 + Level 4.5 Armour
 - Level 2.1 Dodging
 * Level 3.2 Shields
 * Level 2.2 Evocations


You had 5 spell levels left.
You didn't know any spells.
Your spell library was empty.

Dungeon Overview and Level Annotations

Branches:
Dungeon (5/15)
 Temple: D:4-7

Altars:
Cheibriados
Gozag
Makhleb
Trog
Wu Jian


Innate Abilities, Weirdness & Mutations

You have a pair of horns on your head.
You reflexively headbutt those who attack you in melee.


Message History

A jelly is nearby!
You barely miss the jelly. The jelly hits you but does no damage.
A jelly is nearby!
You hit the jelly. The acid corrodes you!
Your hands burn!
You headbutt the jelly.
The jelly is heavily wounded.
The jelly hits you.
You are splashed with acid!
A jelly is nearby!
You hit the jelly but do no damage.
Your hands burn!
The jelly is heavily wounded.
The jelly hits you. The acid corrodes you!
You are splashed with acid.
A jelly is nearby!
You hit the jelly but do no damage.
Your hands burn!
The jelly is heavily wounded.
The jelly barely misses you.
A jelly is nearby!
You are too injured to fight recklessly!
A jelly is nearby!
You hit the jelly but do no damage. The acid corrodes you!
Your hands burn!
You headbutt the jelly, but do no damage.
The jelly is heavily wounded.
The jelly barely misses you. The jelly hits you. The acid corrodes you!
You are splashed with acid!
* * * LOW HITPOINT WARNING * * *
You hit the jelly but do no damage.
Your hands burn!
* * * LOW HITPOINT WARNING * * *
You headbutt the jelly.
The jelly is almost dead.
The jelly closely misses you. You furiously retaliate!
You headbutt the jelly, but do no damage.
A red film seems to cover your vision as you go berserk!
You feel yourself moving faster!
You feel mighty! The jelly hits you.
* * * LOW HITPOINT WARNING * * *
The acid corrodes you!
You are splashed with acid!
* * * LOW HITPOINT WARNING * * *
You hit the jelly but do no damage.
Your hands burn!
* * * LOW HITPOINT WARNING * * *
The jelly is almost dead.
The jelly hits you.
You die...

#### #####
##...##...##
.#..........##
.........J...#
#.......@....#
#......<.....#
##..........##
##...##...##
##.# ##### #.
. #


You could see a jelly.

Vanquished Creatures
  A sky beast (D:4)
  A howler monkey (D:4)
  A bombardier beetle (D:4)
  A sleepcap (D:4)
  An orc priest (D:4)
  A hound (D:4)
  An iguana (D:4)
  An orc wizard (D:4)
  An adder (D:4)
  A shadow imp (D:3)
  2 ribbon worms (D:2)
  4 dart slugs
  11 orcs
  5 bats
  4 endoplasms
  3 giant cockroaches
  5 goblins
  6 hobgoblins
  11 jackals
  2 quokkas
  7 ball pythons
  6 frilled lizards
  5 kobolds
  7 rats
88 creatures vanquished.

Notes
Turn   | Place    | Note
-------+----------+-------------------------------------------
     0 | D:1      | cbfl8 the Minotaur Berserker began the quest for the Orb.
     0 | D:1      | Reached XP level 1. HP: 19/19 MP: 0/0
   174 | D:1      | Found a faded altar of an unknown god.
   342 | D:1      | Reached XP level 2. HP: 24/27 MP: 1/1
   487 | D:1      | Reached skill level 1 in Shields
   497 | D:1      | Reached skill level 4 in Axes
   610 | D:1      | Reached XP level 3. HP: 33/33 MP: 2/2
   909 | D:2      | Reached ** piety under Trog
  1068 | D:2      | Identified the +2 helmet of the Slorg {-Tele rPois Will+
                  | Stlth+}
  1072 | D:2      | Reached skill level 1 in Evocations
  1513 | D:3      | Reached XP level 4. HP: 37/40 MP: 3/3
  1701 | D:3      | Found a snail-covered altar of Cheibriados.
  2504 | D:4      | Found a burning altar of Makhleb.
  2740 | D:4      | Reached XP level 5. HP: 9/47 MP: 4/4
  2741 | D:4      | HP: 1/47 [something/puff of flame (9)]
  2865 | D:4      | Identified the ring of Cubarph {Fly rC+ rN+ Str+2}
  2971 | D:4      | Noticed a sky beast
  2973 | D:4      | Reached skill level 5 in Axes
  2984 | D:4      | Killed a sky beast
  2985 | D:4      | Reached XP level 6. HP: 53/53 MP: 5/5
  3155 | D:4      | Found an ornate altar of the Wu Jian Council.
  3327 | D:4      | Found an opulent altar of Gozag.
  3327 | D:4      | Found a bloodstained altar of Trog.
  3779 | D:5      | Entered Level 5 of the Dungeon
  3787 | D:5      | HP: 2/82 [acid (9)]
  3788 | D:5      | Slain by a jelly

Illustrated notes

Levels and vault maps discovered:
D:1:      scummos_arrival_gate, layout_basic,
          chequers_ecumenical_altar_simple_redux, serial_bayou,
          serial_bayou_pond_a, serial_bayou_shore_b, serial_bayou_ford_a,
          serial_bayou_pond_c, minmay_tetromino_t2
D:2:      layout_basic, wad_orctagon
D:3:      layout_basic, lemuel_tele_altar, hangedman_abyss_or_decor_stabs
D:4:      minmay_door_path, layout_basic, nicolae_wu_jian_immortal_techniques,
          gammafunk_temple_overflow_pools, makhleb_heckhound_becter,
          minivault_25, serial_library_hellmonk_reading_circle,
          corexii_hall_statues_i
D:5:      layout_rooms, minmay_liquid_box, nicolae_shop_firing_range

Skill      XL: |  1  2  3  4  5 |
---------------+----------------+-----
Shields        | 1 2 3 |  3.2
Axes           | 4 5 |  5.8
Fighting       | 4 |  4.8
Evocations     | 1 2 |  2.2
Armour         | 3 4 |  4.5
Dodging        | |  2.1

Action                     |  1- 3 |  4- 6 || total
---------------------------+-------+-------++-------
  Melee: Hand axe          |   100 |    67 ||   167
         Headbutt          |    15 |    21 ||    36
         Punch             |     1 |     3 ||     4
         War axe           |       |    38 ||    38
 Invoke: Trog's Hand       |       |     2 ||     2
         Berserk           |       |     2 ||     2
  Evoke: Wand              |       |     4 ||     4
    Use: Scroll            |       |     4 ||     4
         Potion            |       |     5 ||     5
 Armour: Ring mail         |    69 |    58 ||   127
  Dodge: Dodged            |    68 |    44 ||   112
  Block: Other             |     5 |    19 ||    24
